 Dungeon Crawl Stone Soup version 0.29.1-12-g30fa7ad0bf (webtiles) character file.

Game seed: 17669346123265229303

58 raph the Firebug (level 3, -3/19 HPs)
             Began as a Deep Elf Fire Elementalist on Dec 18, 2022.
             Slain by Crazy Yiuf
             ... wielding a +2 quarterstaff of chaos
              (10 damage)
             ... on level 2 of the Dungeon.
             The game lasted 00:02:58 (2698 turns).

raph the Firebug (Deep Elf Fire Elementalist)       Turns: 2698, Time: 00:02:58

Health: -3/19      AC:  3    Str:  5    XL:     3   Next: 76%
Magic:  3/9        EV: 12    Int: 21    God:
Gold:   95         SH:  0    Dex: 15    Spells: 2/8 levels left

rFire   . . .      SeeInvis .   e - +0 dagger
rCold   . . .      Faith    .   (no shield)
rNeg    . . .      Spirit   .   a - +0 robe
rPois   .          Reflect  .   (no helmet)
rElec   .          Harm     .   (no cloak)
rCorr   .          Rampage  .   c - +0 pair of gloves
Will    .....                   (no boots)
Stlth   ++........              (no amulet)
HPRegen 0.06/turn               (no ring)
MPRegen 0.11/turn               (no ring)

@: very slightly contaminated
A: no striking features
a: no special abilities


You were on level 2 of the Dungeon.
You visited 1 branch of the dungeon, and saw 2 of its levels.

You collected 95 gold pieces.

Inventory:

Hand Weapons
 e - a +0 dagger (weapon)
Missiles
 f - 6 silver javelins
 l - 6 poisoned darts
Armour
 a - a +0 robe (worn)
 c - a +0 pair of gloves (worn)
Jewellery
 j - a ring of willpower
Scrolls
 g - 2 scrolls of teleportation
 m - a scroll of silence {unknown}
Potions
 b - a potion of magic
 d - 2 potions of haste
 h - 4 potions of flight
 i - a potion of resistance {unknown}
 k - 3 potions of brilliance {unknown}


   Skills:
 - Level 2.4 Dodging
 - Level 2.4 Stealth
 + Level 3.1 Spellcasting
 + Level 1.7 Conjurations
 + Level 4.9 Fire Magic


You had 2 spell levels left.
You knew the following spells:

 Your Spells              Type           Power      Damage    Failure   Level
a - Foxfire               Conj/Fire      68%        2x1d7     3%          1
b - Scorch                Fire           48%        2d7       2%          2
c - Conjure Flame         Conj/Fire      17%        6-21      10%         3

Your spell library contained the following spells:

 Spells                   Type           Power      Damage    Failure   Level
 Inner Flame              Hex/Fire       13%        N/A       14%         3
 Dazzling Flash           Conj/Hex       14%        N/A       26%         3
 Flame Wave               Conj/Fire      17%        2d7       32%         4
 Iskenderun's Mystic Bla  Conj/Tloc      7%         2d4       65%         4
 Starburst                Conj/Fire      8%         6d4       99%         6


Dungeon Overview and Level Annotations

Branches:
Dungeon (2/15)

Altars:

Shops:
D:1 (

Annotations:
D:2 Crazy Yiuf


Message History

You see here a +0 leather armour.
You open the door.
Found a stone staircase leading up.
There is an open door here.
You see here a bat corpse.
You see here a hobgoblin corpse.
There is an open door here.
There is an open door here.
There is an open door here.
There is a stone staircase leading down here.
There is an open door here.
There is an open door here.
There is an open door here.
There is an open door here.
You see here a hobgoblin skeleton.
You see here a bat skeleton.
You open the door.
Casting: Foxfire (safe; 3% risk of failure)
Confirm with . or Enter, or press ? or * to list all spells.
Flames lash Crazy Yiuf.
Crazy Yiuf shouts!
Crazy Yiuf is heavily wounded.
Crazy Yiuf's fire resistance burns away.
Crazy Yiuf hits you with a +2 quarterstaff of chaos!
Ouch! That really hurt!
Crazy Yiuf draws strength from your wounds!
Casting: Scorch (safe; 2% risk of failure)
Confirm with . or Enter, or press ? or * to list all spells.
Flames lash Crazy Yiuf.
Crazy Yiuf is burned terribly!
Crazy Yiuf is almost dead.
Crazy Yiuf waves his quarterstaff at you.
Crazy Yiuf closely misses you.
Casting: Scorch (safe; 2% risk of failure)
Confirm with . or Enter, or press ? or * to list all spells.
You miscast Scorch.
You are very lightly contaminated with residual magic.
Nothing appears to happen.
Crazy Yiuf hits you with a +2 quarterstaff of chaos!
Ouch! That really hurt!
You die...

#....)...####..##
########## #....#
♣....♣ ♣...♣♣
♣♣.♣♣ ♣.♣♣ ♣♣.♣
♣.♣♣ ♣♣@♣ #g# ...
#...# #..)# #####


You could see Crazy Yiuf (combustible).

Vanquished Creatures
  A worm (D:2)
  2 dart slugs (D:1)
  7 bats
  4 endoplasms
  4 goblins
  6 hobgoblins
  3 jackals (D:1)
  3 quokkas
  4 ball pythons
  2 frilled lizards (D:1)
  5 kobolds
  3 rats
44 creatures vanquished.

Vanquished Creatures (others)
  98 foxfires
98 creatures vanquished.

Grand Total: 142 creatures vanquished

Notes
Turn   | Place    | Note
-------+----------+-------------------------------------------
     0 | D:1      | raph the Deep Elf Fire Elementalist began the quest for the
                  | Orb.
     0 | D:1      | Reached XP level 1. HP: 10/10 MP: 6/6
   211 | D:1      | Reached skill level 4 in Fire Magic
   211 | D:1      | Reached XP level 2. HP: 15/15 MP: 6/8
   243 | D:1      | Learned a level 2 spell: Scorch
   573 | D:1      | Found a faded altar of an unknown god.
   724 | D:1      | Found Neoxus's Weapon Emporium.
   781 | D:1      | Reached XP level 3. HP: 5/19 MP: 2/9
   785 | D:1      | Learned a level 3 spell: Conjure Flame
  2388 | D:2      | Found a runed translucent door.
  2389 | D:2      | Noticed Crazy Yiuf
  2698 | D:2      | Slain by Crazy Yiuf

Illustrated notes

Levels and vault maps discovered:
D:1:      lemuel_arrival_cross, layout_loops_ring,
          dilly_ecumenical_altar_fadedgnrine, serial_shops, shop
D:2:      layout_basic, uniq_crazy_yiuf_cottage

Skill      XL: |  1 |
---------------+----+-----
Fire Magic     | 4 |  4.9
Dodging        | |  2.4
Stealth        | |  2.4
Spellcasting   | |  3.1
Conjurations   | |  1.7

Action                   || total
-------------------------++-------
Melee: Dagger            ||    12
 Cast: Foxfire           ||    62
       Scorch            ||    17
  Use: Scroll            ||     5
Armor: Robe              ||     8
Dodge: Dodged            ||    28
